 Dungeon Crawl Stone Soup version 0.18-a0-1575-g920359c (webtiles) character file.

70 angel3174 the Skirmisher (level 4, 0/43 HPs)
             Began as a Gargoyle Berserker on Mar 16, 2016.
             Was a Believer of Trog.
             Slain by a gnoll
             ... wielding a cursed -1 spear
              (4 damage)
             ... on level 3 of the Dungeon.
             The game lasted 00:07:32 (2383 turns).

angel3174 the Skirmisher (Gargoyle Berserker)       Turns: 2383, Time: 00:07:32

Health: 0/43       AC:  5    Str: 27    XL:     4   Next: 22%
Magic:  4/4        EV: 13    Int:  7    God:    Trog [**....]
Gold:   126        SH:  0    Dex:  9    Spells: 0 memorised, 3 levels left

rFire  . . .     SeeInvis .     a - +0 mace
rCold  . . .     Gourm    .     b - +0 animal skin
rNeg   + . .     Faith    .     (no shield)
rPois  ∞         Spirit   .     (no helmet)
rElec  +         Dismiss  .     (no cloak)
rCorr  .         Reflect  .     (no gloves)
SustAt .         Harm     .     (no boots)
MR     ++...                    (no amulet)
Stlth  ..........               (no ring)
                                i - +1 ring of evasion

@: berserking, regenerating, very quick, very resistant to hostile enchantments,
extremely unstealthy
A: negative energy resistance 1, electricity resistance, unbreathing,
petrification resistance, rot immunity, AC +3
a: Berserk, Trog's Hand, Burn Spellbooks, Renounce Religion


You were on level 3 of the Dungeon.
You worshipped Trog.
Trog was pleased with you.
You were very hungry.

You visited 1 branch of the dungeon, and saw 3 of its levels.

You collected 126 gold pieces.

Inventory:

Hand Weapons
 a - a +0 mace (weapon)
Missiles
 j - 38 bolts
 p - 13 arrows
Armour
 b - a +0 animal skin (worn)
Jewellery
 i - a +1 ring of evasion (left hand)
Scrolls
 h - a scroll of teleportation {unknown}
 l - a scroll of noise {unknown}
 o - a scroll of random uselessness {unknown}
 q - a scroll of amnesia {unknown}
 s - a scroll of blinking {unknown}
Potions
 d - 4 potions of curing {unknown}
 e - 2 potions of heal wounds {unknown}
 f - a potion of berserk rage {unknown}
 g - a potion of cure mutation {unknown}
 k - a potion of invisibility {unknown}
 m - a potion of haste {unknown}
 n - a potion of ambrosia {unknown}
Comestibles
 c - 2 bread rations
 r - a chunk of flesh


   Skills:
 * Level 4.1 Fighting
 * Level 3.6 Maces & Flails
 * Level 2.5 Armour
 * Level 2.2 Dodging


You had 3 spell levels left.
You didn't know any spells.

Dungeon Overview and Level Annotations

Branches:
Dungeon (3/15)

Altars:


Innate Abilities, Weirdness & Mutations

You are resistant to torment.
Your stone body is resilient (AC +3).
You are immune to poison.
You resist negative energy.
You are resistant to electric shocks.
You can survive without breathing.
You are immune to petrification.
You are immune to rotting.


Message History

* * * LOW HITPOINT WARNING * * *
Your skin crawls.
You feel resistant to hostile enchantments.
You feel slightly more hungry. The gnoll hits you with a club.
* * * LOW HITPOINT WARNING * * *
The gnoll hits you from afar with a spear.
* * * LOW HITPOINT WARNING * * *
A red film seems to cover your vision as you go berserk!
You feel yourself moving faster!
You feel mighty!
You are feeling very hungry.
The gnoll barely misses you. x2
You barely miss the gnoll.
The gnoll is severely wounded.
The gnoll hits you with a club.
* * * LOW HITPOINT WARNING * * *
You hit the gnoll.
You kill the gnoll!
Trog accepts your kill.
The gnoll hits you from afar with a spear.
You die...

############
#..........#
###..........#
.........>..#
#)..........######
#@####...........#
#.)ggg...........#
#####.....÷......#
#.<..............#
#..####g#.#.######
#..# #.#.#.# ....#
#.....#
.##...........# #
##...........


You could see 3 gnolls.

Vanquished Creatures
  A gnoll (D:3)
  3 dart slugs
  2 giant geckos
  2 giant cockroaches
  11 goblins
  3 hobgoblins
  7 jackals
  7 kobolds
  4 bats
  A giant newt (D:1)
  7 rats
48 creatures vanquished.

Notes
Turn   | Place    | Note
--------------------------------------------------------------
     0 | D:1      | angel3174 the Gargoyle Berserker began the quest for the Orb.
     0 | D:1      | Reached XP level 1. HP: 14/14 MP: 1/1
   158 | D:1      | Reached XP level 2. HP: 18/20 MP: 2/2
   884 | D:1      | Reached skill level 4 in Fighting
   912 | D:1      | Reached XP level 3. HP: 24/24 MP: 3/3
   990 | D:1      | Reached ** piety under Trog
  2319 | D:2      | Reached XP level 4. HP: 29/29 MP: 4/4
  2383 | D:3      | Slain by a gnoll

Vault maps used:
D:1:      dpeg_arrival_yet_another_circle
D:3:      first_bread, uniq_jessica

Skill      XL: |  1  2  3 |
---------------+----------+-----
Fighting       | 4 |  4.1
Dodging        | 2 |  2.2
Maces & Flails | |  3.6
Armour         | |  2.5

Action                   |  1- 3 |  4- 6 || total
-------------------------+-------+-------++-------
Melee: Mace              |   111 |     9 ||   120
Invok: Berserk           |     1 |     1 ||     2
       Trog's Hand       |       |     1 ||     1
 Stab: Sleeping          |     1 |       ||     1
  Eat: Chunk             |     5 |       ||     5
